Map: Ever Dream LE

Players

HellraiseR

  • Race: Protoss Protoss
  • League: Grandmaster
  • Spawn Location: 7:00

Serral - Winner!

  • Race: Zerg Zerg
  • League: Master
  • Spawn Location: 1:00

Event: DreamHack SC2 Masters 2020 Summer Europe

VOD

Have the link to the VOD?

Description

Time

  • Played on: June 24, 2020, 11:25 a.m.
  • Length: 10:14

All games in this series

Show
View Real Time Build Order
Export as new Build Order

HellraiseR Protoss 

Build Orders: 1 Gate Expand, Oracle Opening 

Get SALT Encoding   

  12  0:01  Probe  
  13  0:13  Probe  
  14  0:19  Pylon  
  14  0:23  Probe  
  15  0:33  Probe  
  15  0:38  Gateway  
  15  0:41  Probe  
  16  0:47  Assimilator  
  17  0:53  Probe  
  18  1:05  Probe  
  19  1:17  Probe  
  20  1:25  Nexus  
  20  1:34  Cybernetics Core  
  20  1:37  Probe  
  21  1:44  Assimilator  
  21  1:49  Probe  
  21  1:54  Pylon  
  22  2:01  Probe  
  23  2:02  Adept  
  23  2:09  Probe  
  26  2:16  Stargate  
  26  2:17  Probe  
  27  2:27  Probe, Warp Gate  
  28  2:33  Stalker, Probe  
  30  2:40  Probe  
  30  2:41  Probe  
  33  2:51  Probe  
  33  2:52  Oracle, Probe  
  35  3:03  Probe  
  35  3:04  Probe  
  40  3:08  Gateway  
  40  3:15  Probe, Pylon  
  40  3:16  Probe  
  42  3:22  Gateway  
  42  3:24  Oracle  
  42  3:28  Probe x2  
  47  3:40  Probe  
  48  3:42  Pylon  
  48  3:43  Probe  
  49  3:51  Assimilator  
  49  3:52  Assimilator, Probe  
  50  3:55  Pylon  
  50  3:56  Probe  
  50  4:01  Oracle  
  54  4:04  Probe  
  54  4:08  Probe  
  56  4:16  Adept x2, Probe  
  61  4:17  Adept  
  61  4:20  Pylon, Probe  
  64  4:28  Probe  
  65  4:32  Probe  
  65  4:36  Phoenix  
  66  4:40  Probe  
  66  4:44  Adept x3, Probe  
  76  4:52  Probe, Pylon  
  77  4:56  Probe  
  78  5:01  Oracle  
  78  5:02  Pylon  
  78  5:11  Nexus  
  78  5:12  Probe x2  
  83  5:16  Pylon  
  83  5:20  Sentry x3  
  89  5:25  Probe  
  90  5:29  Shield Battery  
  90  5:31  Probe  
  90  5:34  Forge, Twilight Council  
  91  5:38  Probe  
  92  5:43  Probe  
  92  5:48  Protoss Ground Weapons Level 1  
  93  5:50  Probe  
  93  5:52  Stalker x2  
  93  5:55  Probe  
  97  6:02  Probe  
  96  6:06  Blink  
  96  6:07  Stalker, Probe  
  96  6:10  Oracle  
  92  6:14  Probe  
  93  6:19  Probe  
  94  6:26  Probe  
  94  6:27  Stalker x2  
  94  6:31  Probe x2  
  101  6:33  Gateway x2  
  101  6:35  Gateway  
  101  6:37  Oracle  
  101  6:39  Stalker  
  104  6:42  Assimilator  
  104  6:44  Gateway  
  103  6:47  Assimilator  
  103  6:49  Gateway  
  103  6:52  Stalker  
  108  6:56  Stalker  
  108  7:01  Photon Cannon  
  110  7:04  Stalker  
  110  7:06  Pylon  
  110  7:07  Oracle, Pylon  
  115  7:16  Stalker  
  117  7:28  Zealot  
  117  7:29  Pylon  
  119  7:36  Probe  
  120  7:44  Stalker x6  
  132  7:47  Oracle  
  132  7:48  Nexus, Pylon  
  132  8:00  Probe  
  132  8:01  Probe x2  
  127  8:12  Probe  
  118  8:13  Probe  
  118  8:14  Oracle, Probe  
  118  8:19  Stalker x6  
  129  8:24  Probe  
  129  8:25  Probe  
  129  8:26  Probe  
  135  8:35  Stargate  
  135  8:36  Probe  
  135  8:37  Probe  
  135  8:38  Probe  
  138  8:44  Assimilator, Oracle  
  138  8:45  Assimilator, Shield Battery  
  138  8:47  Photon Cannon  
  138  8:49  Probe  
  138  8:52  Stalker  
  144  9:09  Oracle  
  144  9:10  Oracle  
  144  9:17  Photon Cannon  
  144  9:19  Photon Cannon  
  144  9:21  Photon Cannon  
  144  9:22  Shield Battery, Stargate  
  150  9:24  Fleet Beacon, Pylon  
  150  9:35  Photon Cannon  
  150  9:38  Photon Cannon  
  150  9:40  Pylon  
  152  9:58  Stalker x4  
  152  9:59  Stalker x2  
Show
View Real Time Build Order
Export as new Build Order

Serral Zerg - Winner!

Build Orders: Hatch First 

Get SALT Encoding   

  12  0:00  Drone  
  13  0:11  Overlord  
  13  0:16  Drone  
  14  0:30  Drone x2  
  16  0:48  Hatchery  
  15  0:52  Drone  
  15  0:55  Drone  
  17  0:59  Drone  
  18  1:09  Extractor  
  17  1:14  Spawning Pool  
  17  1:16  Drone  
  17  1:21  Drone  
  18  1:29  Drone  
  19  1:38  Drone  
  20  1:49  Overlord  
  20  2:00  Queen x2  
  24  2:01  Zergling x4  
  26  2:10  Drone  
  26  2:11  Drone  
  28  2:22  Metabolic Boost  
  28  2:23  Drone x2  
  30  2:38  Hatchery  
  30  2:41  Drone  
  30  2:43  Drone  
  31  2:47  Overlord  
  31  2:50  Drone  
  32  2:54  Drone x2  
  34  3:00  Queen  
  36  3:09  Drone x3  
  36  3:10  Drone  
  40  3:13  Overlord  
  40  3:16  Drone  
  40  3:18  Drone  
  42  3:30  Zergling x4  
  44  3:36  Spore Crawler, Queen  
  45  3:42  Drone x2  
  45  3:43  Drone x5  
  45  3:46  Overlord  
  52  3:49  Queen  
  52  3:51  Drone  
  52  3:55  Drone x2  
  57  4:00  Roach Warren  
  56  4:04  Drone x3  
  56  4:08  Spore Crawler  
  58  4:10  Drone  
  58  4:12  Drone, Spore Crawler  
  58  4:14  Drone  
  58  4:16  Drone x2  
  62  4:19  Zergling x2  
  62  4:21  Overlord  
  62  4:24  Drone  
  64  4:29  Overlord  
  64  4:30  Drone  
  65  4:34  Lair  
  65  4:35  Drone, Extractor  
  65  4:36  Extractor  
  64  4:38  Overlord  
  64  4:39  Drone x2  
  64  4:44  Drone  
  67  4:45  Drone x2  
  67  4:46  Drone  
  67  4:48  Overlord  
  67  4:50  Overlord  
  68  4:58  Evolution Chamber  
  68  4:59  Roach  
  72  5:00  Roach x3  
  72  5:05  Overlord  
  72  5:06  Roach x2  
  78  5:08  Zergling x2  
  78  5:10  Queen  
  81  5:14  Drone  
  81  5:15  Drone x2, Extractor  
  81  5:16  Drone  
  81  5:20  Drone, Overlord  
  85  5:23  Overlord  
  85  5:26  Drone  
  85  5:27  Drone  
  87  5:29  Drone x2  
  87  5:31  Drone x2  
  87  5:32  Drone  
  87  5:34  Glial Reconstitution  
  92  5:37  Drone x2  
  92  5:41  Drone x2  
  96  5:45  Drone x2  
  98  5:52  Drone x2  
  98  5:56  Overlord  
  98  6:01  Overseer, Drone x6  
  97  6:05  Extractor  
  97  6:06  Extractor  
  97  6:08  Drone  
  93  6:17  Drone, Baneling Nest  
  93  6:18  Drone  
  94  6:19  Drone  
  94  6:25  Drone x3  
  97  6:29  Hatchery, Overlord  
  97  6:31  Overlord  
  97  6:33  Overlord  
  97  6:34  Overlord  
  97  6:37  Roach  
  97  6:39  Overseer  
  99  6:42  Overlord  
  99  6:49  Roach x2  
  99  6:50  Roach x2  
  99  6:51  Overseer  
  107  6:56  Pneumatized Carapace  
  107  6:57  Unknown  
  107  7:01  Centrifical Hooks  
  106  7:04  Hydralisk Den, Queen x2  
  109  7:09  Drone x3  
  109  7:13  Overlord  
  109  7:14  Roach x3  
  117  7:20  Overlord x2  
  117  7:23  Zergling x8  
  117  7:27  Roach, Ravager x2  
  117  7:28  Roach  
  117  7:29  Ravager x4  
  131  7:30  Ravager x2  
  131  7:31  Ravager, Zergling x2  
  135  7:39  Grooved Spines  
  135  7:42  Zergling x4  
  135  7:43  Zergling x12  
  143  7:46  Overlord  
  143  7:56  Hydralisk x5  
  138  8:10  Hydralisk x2  
  138  8:11  Hydralisk x2, Zergling x12  
  139  8:17  Zergling x16  
  133  8:20  Ravager x3  
  133  8:25  Baneling x4  
  133  8:26  Hydralisk, Zergling x4  
  135  8:33  Hydralisk, Zergling x2  
  138  8:35  Ravager  
  138  8:36  Baneling x3  
  139  8:41  Hydralisk x2  
  139  8:42  Zergling x4  
  145  8:50  Muscular Augments  
  145  8:53  Hydralisk x4  
  145  8:54  Zergling x10  
  150  9:03  Queen x3  
  150  9:05  Queen  
  158  9:11  Hydralisk x2  
  158  9:12  Hydralisk  
  158  9:13  Spore Crawler  
  163  9:19  Baneling x12  
  163  9:20  Hydralisk  
  165  9:24  Baneling x8  
  165  9:27  Drone x2  
  165  9:29  Hydralisk x2  
  171  9:33  Baneling x6  
  171  9:41  Hydralisk x3  
  171  9:42  Zergling x8  
  171  9:55  Zergling x16  
  158  10:10  Infestation Pit  
Tags
 
Add a new tag
Caveats
  • Supply blocks, unpowered buildings, or Contaminate may cause inaccurate times.
  • Supply counts are checked every 10 seconds.